← All builds
Geo / Armada / Economy first / OBSERVED BUILD

Liche bombers

Armada Geo build order · Supreme Isthmus

Geo rushes an Advanced Aircraft Plant and pushes T2 Liche atomic bombers into the enemy base from around 8:23, well before the role's typical T2 timing.

Usually blows up the commander for T2 (86%)

#t2 #air #push · 22 distinct matches · 14 players · 1% of Armada Geo games · team won 82% of 22 · Recently observed

THE CATCH, AND WHAT COMES WITH IT
  • LicheT2 air bombers from 8:23 · 1% of role by thenFrom the Advanced Aircraft Plant. Only 1% of Geo games have it by then; others who build it get it around 10:08
  • Advanced Aircraft PlantAdvanced Aircraft Plant in 100%2% of all Geo games by then
  • Aircraft PlantAircraft Plant in 100%16% of all Geo games by then
  • HighwindHighwind in 91%1% of all Geo games by then
  • OracleOracle in 91%1% of all Geo games by then

Started with Liche (95%), Stiletto (5%).

Where those units first fight, in 20 games with kill data: in the middle 75%, on their own side 15%, in the enemy base 10%.

Those units destroy a typical 6,216 metal of enemy units by 15:00.

Then transitions into Highwind (25% of army), Starlight (9% of army).

HOW TO PLAY IT

Key timing: Advanced Aircraft Plant by 7:45

  1. Open mex and wind as usual, then queue a Bot Lab fast.
  2. Finish geo, then reclaim Bot Lab and push straight into air.
  3. Build Aircraft Plant, then reclaim it into an Advanced Aircraft Plant.
  4. Push "Liche" bombers into the enemy base well ahead of role norm.
  5. Add "Oracle" and "Highwind" support, then shift into T2 cons and "Starlight".

Phase by phase

TYPICAL OF ITS 22 GAMES · AGAINST STANDARD GEO
  1. 1
  2. 2
  3. 3
  4. 4
  5. 5
PLAY THE OPENING

Follow the example game's first 9:24 step by step: what to build now, what comes next, and where it goes. At 1× it keeps pace with your own game.

  1. 1

    Up to the Bot Lab

    Economy
    • Metal Extractor3Mex
    • Wind Turbine3Wind
    Order
    1. Bot LabBot Lab after 3 mex, 3 winddone ~1:12, middle half 1:06–1:17

    By 0:56 in all: 3 mex · 3 wind

    The example game in this phase · 4 steps
    1. Mex ×2
    2. Wind
    3. Mex
    4. Bot LabBot Labdone 1:01 · typical 1:12
  2. 2

    Bot Lab to 5:00

    Economy
    • Metal Extractor1Mex
    • Wind Turbine6Wind+2 vs standard
    • Energy Converter8Converter
    • Energy Storage1Energy storage
    Order
    1. Geothermal PowerplantGeo after 4 mex, 6 wind, 1 energy storage
    2. Bot LabEat Bot Lab
    Builders
    • Construction Turret6 Con turret
    • Lazarus4 Lazarus
    • Construction Bot2 Con bot
    • Construction Bot1 Con bot for allies
    • Lazarus1 Lazarus for allies

    By 5:00 in all: 4 mex · 8 wind · 1 geo · 8 converter · 1 energy storage · 6 con turret

    The example game in this phase · 38 steps
    1. Wind
    2. LazarusLazarus
    3. Wind ×3
    4. LazarusLazarus
    5. Wind
    6. LazarusLazarus
    7. Construction BotCon botfor Beach sea
    8. LazarusLazarus
    9. Con turret
    10. Construction BotCon bot
    11. LazarusLazarus
    12. Energy storage
    13. Mex
    14. Geothermal PowerplantGeodone 3:23 · typical 3:22
    15. Converter ×2
    16. Bot LabEat Bot Labreclaimed for its metal
    17. Converter
    18. Con turret ×4
    19. Converter ×2
    20. Wind
    21. Converter
    22. Wind
    23. Converter
    24. Wind
    25. Converter
    26. Wind
    27. Converter
    28. Wind
    29. Converter
    30. Wind
    31. Converter
    32. Wind ×2
    33. Converter
    34. Wind
    35. Converter
    36. Wind ×2
    37. Con turret
    38. Advanced Metal ExtractorT2 mex ×2done 5:15 · typical 5:40
  3. 3

    5:00 to Aircraft Plant

    Economy
    • Wind Turbine6Wind+6 vs standard
    • Energy Converter4Converter+3 vs standard
    Order
    1. Advanced Geothermal PowerplantAdvanced Geothermal Powerplant after 16 wind, 10 converter, 6 con turret
    2. Aircraft PlantAircraft Plant after 16 wind, 11 converter, 7 con turretdone ~7:03, middle half 6:53–7:39

    Some games also: con turret (50%)

    By 6:56 in all: 4 mex · 16 wind (standard 9) · 1 geo · 1 Advanced Geothermal Powerplant · 11 converter · 1 energy storage

    The example game in this phase · 3 steps
    1. Advanced Metal ExtractorT2 mex ×2
    2. Advanced Geothermal PowerplantAdvanced Geothermal Powerplantdone 6:51 · typical 6:53
    3. Aircraft PlantAircraft Plantdone 6:48 · typical 7:03
  4. 4

    Aircraft Plant to T2 air bombers

    Economy
    • Energy Converter3Converter+3 vs standard
    Order
    1. Advanced Aircraft PlantAdvanced Aircraft Plant after 16 wind, 13 converter, 7 con turret
    2. Aircraft PlantEat Aircraft Plant
    3. LicheT2 air bombers after 16 wind, 14 converter, 8 con turretdone ~9:01, middle half 8:39–9:25
    Builders
    • Construction Aircraft1 Con aircraft

    Some games also: con turret (41%)

    By 8:22 in all: 4 mex · 16 wind (standard 12) · 1 geo · 1 Advanced Geothermal Powerplant · 14 converter · 1 energy storage

    The example game in this phase · 7 steps
    1. Construction AircraftCon aircraft
    2. Advanced Aircraft PlantAdvanced Aircraft Plantdone 7:44 · typical 8:21
    3. RattlesnakeRattlesnakefor Suicide frontdone 10:45
    4. Converter
    5. Aircraft PlantEat Aircraft Plantreclaimed for its metal
    6. Converter ×2
    7. LicheLichedone 8:39 · typical 9:01
  5. 5

    T2 air bombers to 10:00

    Economy
    • Energy Converter1Converter
    Builders
    • Construction Turret2 Con turret +2 vs standard
    Army
    • Highwind5 Highwind +5 vs standard
    • Oracle1 Oracle

    Some games also: eat Vehicle Plant (41%)

    The standard build makes here, this one skips: 3 wind · 2 Starlight

    By 10:00 in all: 4 mex · 16 wind · 1 geo · 1 Advanced Geothermal Powerplant · 18 converter · 1 energy storage

    The example game in this phase · 78 steps
    1. Converter ×3
    2. Con turret
    3. Converter
    4. Con turret
    5. OracleOracle
    6. Converter
    7. Advanced Construction AircraftT2 con aircraftfor Front
    8. HighwindHighwind ×3
    9. Con turret ×2
    10. HighwindHighwind
    11. Converter
    12. Con turret
    13. HighwindHighwind
    14. Con turret
    15. HighwindHighwind ×4
    16. Converter
    17. HighwindHighwind ×3
    18. Fusion ReactorFusiondone 10:42
    19. HighwindHighwind ×2
    20. Converter
    21. HighwindHighwind ×3
    22. T2 converter
    23. HighwindHighwind ×3
    24. Con turret
    25. Advanced Bot LabAdvanced Bot Labdone 11:53
    26. Con turret
    27. HighwindHighwind
    28. Con turret ×2
    29. HighwindHighwind
    30. Con turret
    31. PlatypusPlatypus
    32. HighwindHighwind
    33. Con turret
    34. PlatypusPlatypus
    35. HighwindHighwind
    36. PlatypusPlatypus
    37. HighwindHighwind
    38. PlatypusPlatypus
    39. HighwindHighwind
    40. T2 converter
    41. PlatypusPlatypus
    42. HighwindHighwind
    43. PlatypusPlatypus
    44. HighwindHighwind
    45. PlatypusPlatypus
    46. HighwindHighwind
    47. PlatypusPlatypus
    48. HighwindHighwind
    49. PlatypusPlatypus
    50. HighwindHighwind
    51. PlatypusPlatypus
    52. HighwindHighwind
    53. PlatypusPlatypus
    54. HighwindHighwind
    55. PlatypusPlatypus
    56. HighwindHighwind
    57. PlatypusPlatypus
    58. HighwindHighwind
    59. PlatypusPlatypus
    60. HighwindHighwind
    61. PlatypusPlatypus
    62. HighwindHighwind
    63. PlatypusPlatypus
    64. HighwindHighwind
    65. PlatypusPlatypus
    66. HighwindHighwind
    67. PlatypusPlatypus
    68. HighwindHighwind
    69. AbductorAbductor
    70. PlatypusPlatypus
    71. HighwindHighwind
    72. PlatypusPlatypus
    73. HighwindHighwind
    74. PlatypusPlatypus
    75. HighwindHighwind
    76. PlatypusPlatypus
    77. LicheLiche
    78. PlatypusPlatypus

Counts are medians over the build's games: half of them build more, half fewer. The example game is El_Turco's (30 OS, 31/08/2026); pick another.

Team trades

IN AT LEAST 30% OF ITS GAMES

You hand over

  • Lazarus1 Lazarus to Beach seafirst at 2:08 · in 64% of games
  • Construction Bot1 Con bot to Beach seafirst at 2:39 · in 86% of games
  • Advanced Construction Aircraft1 T2 con aircraft to Front or Suicide front or Beach seafirst at 10:12 · in 45% of games

You get

  • Advanced Construction Bot1 T2 con bot from Techfirst at 4:57 · in 100% of games

How it plays out

Typical game of this build against the role’s standard build, running totals by minute

  • This build
  • Standard geo

Metal produced

020k40k
0:005:0010:0015:00

metal

Enemy metal destroyed

05k10k15k
0:005:0010:0015:00

metal

Own metal lost

02k4k6k
0:005:0010:0015:00

metal

22 games.

Show as table
ByMetal produced: This buildMetal produced: Standard geoEnemy metal destroyed: This buildEnemy metal destroyed: Standard geoOwn metal lost: This buildOwn metal lost: Standard geo
1:003713330000
2:008958590000
3:00150415270000
4:00267226700000
5:00369336940000
6:00583156360000
7:00847080250000
8:00115081134700260
9:0014476144060435284
10:0017624172751468472260194
11:00201512012335441745884520
12:0022836229895633361813851605
13:0025605257337506587233662970
14:0027261285868260824537164420
15:00292053135592281020142155586
WHAT THE NUMBERS SAY

This build's team won far more often than the standard build, destroying nearly double the enemy metal by 10:00 while losing less metal overall by 15:00.

  • + Team won 79% vs 54% for the standard build.
  • + Destroyed 2556 enemy metal by 10:00 vs 542 for standard.
  • − Own metal production trails standard build by 15:00 (29205 vs 31727).
  • − Reclaims Bot Lab, Aircraft Plant and sometimes Vehicle Plant, delaying raw output.
THE EXAMPLE YOU ARE READING

El_Turco

30.4 OS · 31/08/2026

Open source match ↗

14 received units · includes a constructor
746 metal received · 268736 energy received

Allied construction assistance is unknown. Timings are observations, not a promise of solo reproducibility.

Typical milestones

Bot Lab1:12Middle 50%: 1:06–1:17 · n=22
Geothermal Powerplant3:22Middle 50%: 3:16–3:32 · n=22
Advanced Metal Extractor5:40Middle 50%: 5:21–5:59 · n=22
Advanced Geothermal Powerplant6:53Middle 50%: 6:41–7:29 · n=22
Aircraft Plant7:03Middle 50%: 6:53–7:39 · n=22
Advanced Aircraft Plant8:21Middle 50%: 7:49–8:40 · n=22
Liche9:01Middle 50%: 8:39–9:25 · n=21
Vehicle Plant10:57Middle 50%: 7:48–11:52 · n=11

Played most by

__Bear__6games of this buildAriah2games of this buildEl_Turco2games of this buildSkyFireEX2games of this build[Cookie]Baby_Evis1game of this build